 Dungeon Crawl Stone Soup version 0.31-a0-986-g5e6e4ef867 (webtiles) character file.

Game seed: 15292166692106202573

77 Curundu the Trooper (level 4, 0/40 HPs)
             Began as a Draconian Berserker on Nov 9, 2023.
             Was a Believer of Trog.
             Slain by a gnoll
             ... wielding a +0 spear
              (4 damage)
             ... on level 3 of the Dungeon.
             The game lasted 00:17:45 (2871 turns).

Curundu the Trooper (Draconian Berserker)           Turns: 2871, Time: 00:17:45

Health: 0/40       AC:  5    Str: 19    XL:     4   Next: 13%
Magic:  4/4        EV: 12    Int:  8    God:    Trog [**....]
Gold:   82         SH:  0    Dex: 12    Spells: 3/3 levels left

rFire   + . .        a - +0 falchion
rCold   x . .        (no shield)
rNeg    . . .        (body armour unavailable)
rPois   .            (helmet restricted)
rElec   .            m - scarf {shadows}
rCorr   .            (no gloves)
SInv    .            (no boots)
Will    .....        (no amulet)
Stlth   +            k - ring of fire
HPRegen 0.26/turn    (no ring)
MPRegen 0.09/turn

%: no passive effects
@: no status effects
A: AC +5, unfitting armour, cold-blooded
a: Renounce Religion, Berserk, Trog's Hand


You were on level 3 of the Dungeon.
You worshipped Trog.
Trog was pleased with you.
You visited 1 branch of the dungeon, and saw 3 of its levels.

You collected 82 gold pieces.

Inventory:

Hand Weapons
 a - a +0 falchion (weapon)
Missiles
 p - a throwing net
Armour
 m - a scarf of shadows (worn)
Magical Staves
 n - a staff of death
Jewellery
 k - a ring of fire (left hand)
Scrolls
 d - a scroll of teleportation {unknown}
 f - 2 scrolls of vulnerability {unknown}
 g - a scroll of enchant weapon {unknown}
 h - 3 scrolls of identify {unknown}
 j - a scroll of poison {unknown}
 q - a scroll of blinking {unknown}
Potions
 b - a potion of curing {unknown}
 c - 3 potions of heal wounds {unknown}
 e - a potion of mutation {unknown}
 i - a potion of invisibility {unknown}
 l - 2 potions of attraction {unknown}
 o - 2 potions of degeneration {unknown}


   Skills:
 + Level 4.1 Fighting
 + Level 3.8 Long Blades
 + Level 3.3 Dodging
 + Level 0.3 Stealth


You had 3 spell levels left.
You didn't know any spells.
Your spell library contained the following spells:

 Spells                   Type           Power      Damage    Failure   Level
 Tukima's Dance           Hex            0%         N/A       78%         3
 Dimensional Bullseye     Hex/Tloc       0%         N/A       99%         4
 Iskenderun's Mystic Bla  Conj/Tloc      0%         2d3       99%         4


Dungeon Overview and Level Annotations

Branches:
Dungeon (3/15)

Altars:


Innate Abilities, Weirdness & Mutations

Your plain brown scales are hard. (AC +5)
You cannot fit into any form of body armour.
You are cold-blooded and may be slowed by cold attacks.


Message History

You see here a ball python skeleton.
You see here a ball python skeleton.
Found a stone staircase leading up.
Found a whip.
Found a stone staircase leading up.
You see here a +0 club.
You see here a ball python skeleton.
A gnoll comes into view. It is wielding a +0 spear.
The gnoll shouts!
You hear a shout! x3
A gnoll comes into view. It is wielding a +0 club.
The gnoll closely misses you.
A gnoll comes into view. It is wielding a +0 whip.
The gnoll hits you but does no damage. The gnoll hits you with a +0 flail.
The gnoll shouts!
You hit the gnoll.
The gnoll is heavily wounded.
The gnoll hits you with a +0 flail.
You hit the gnoll.
The gnoll is moderately wounded.
The gnoll completely misses you. The gnoll hits you with a +0 club.
The gnoll hits you but does no damage.
You closely miss the gnoll.
The gnoll is moderately wounded.
The gnoll hits you with a +0 spear. The gnoll hits you with a +0 club.
The gnoll hits you with a +0 flail. The gnoll closely misses you.
The gnoll attacks as it pursues you! The gnoll hits you with a +0 flail!
* * * LOW HITPOINT WARNING * * *
The gnoll completely misses you. The gnoll attacks as it pursues you!
The gnoll hits you from afar with a +0 spear.
* * * LOW HITPOINT WARNING * * *
The gnoll attacks as it pursues you! The gnoll barely misses you.
The gnoll attacks as it pursues you! The gnoll hits you with a +0 flail.
* * * LOW HITPOINT WARNING * * *
You barely miss the gnoll. You tail-slap the gnoll.
The gnoll is moderately wounded.
The gnoll barely misses you.
The gnoll hits you from afar with a +0 spear.
You die...

........# ####...##........##
.......[.. ............#..##..#
..>....##########................
........##.........#####.##...(..
........##.........# ###.####....
........##.........# #........###
................... #........#
......)......###### #........#
............gggg@.####........###
......##.###...##................
##..####.#####÷÷....##........###
##.# #.......####.##........# #.#
########.......#........#
#.###..........##..#...######
#..##................###
##..............##.÷##### #
####..........####.....###


You could see 4 gnolls.

Vanquished Creatures
  2 adders
  An orc (D:3)
  3 ball pythons
  2 endoplasms
  5 giant cockroaches
  5 goblins
  6 hobgoblins
  6 jackals
  6 quokkas
  6 bats
  A frilled lizard (D:1)
  3 kobolds
  2 rats (D:1)
48 creatures vanquished.

Notes
Turn   | Place    | Note
-------+----------+-------------------------------------------
     0 | D:1      | Curundu the Draconian Berserker began the quest for the
                  | Orb.
     0 | D:1      | Reached XP level 1. HP: 19/19 MP: 1/1
   623 | D:1      | Reached XP level 2. HP: 9/27 MP: 2/2
  1662 | D:2      | Reached XP level 3. HP: 16/33 MP: 3/3
  1955 | D:2      | Reached ** piety under Trog
  2178 | D:3      | Reached skill level 4 in Fighting
  2502 | D:3      | Reached XP level 4. HP: 34/40 MP: 4/4
  2871 | D:3      | Slain by a gnoll

Illustrated notes

Levels and vault maps discovered:
D:1:      dpeg_arrival_three_same_balls, layout_basic
D:2:      layout_loops_ring, minmay_misc_feat_alley, minmay_crystal_water,
          nicolae_concentric_dashed_squares_mild
D:3:      layout_rooms

Skill      XL: |  1  2  3 |
---------------+----------+-----
Dodging        | 3 |  3.3
Fighting       | 4 |  4.1
Long Blades    | |  3.8
Stealth        | |  0.3

Action                     |  1- 3 |  4- 6 || total
---------------------------+-------+-------++-------
  Melee: Falchion          |   135 |    20 ||   155
         Tailslap          |    10 |     2 ||    12
         Punch             |     1 |       ||     1
 Armour: Skin              |   100 |    24 ||   124
  Dodge: Dodged            |   120 |    24 ||   144

Table legend: (Time is in decaauts)
 A = Elapsed time spent in this place.
 B = Non-inter-level travel time spent in this place.
 C = Inter-level travel time spent in this place.
 D = Time resting spent in this place.
 E = Time spent auto-exploring this place.
 F = Levels seen in this place.
 G = Mean time per level.
                   A        B        C        D        E       F      G
               +--------+--------+--------+--------+--------+-----+--------+
         Total |   2893 |   2893 |      0 |    265 |      0 |   3 |  964.3 |
       Dungeon |   2893 |   2893 |      0 |    265 |      0 |   3 |  964.3 |
               +--------+--------+--------+--------+--------+-----+--------+

Top non-repeatable levels by time:
     D:1: 1424 daAuts
     D:2: 747 daAuts
     D:3: 721 daAuts
